 Dungeon Crawl Stone Soup version 0.31-a0-369-g8eba5f6939 (webtiles) character file.

Game seed: 7032510957805497166

1 EonArisen the Ducker (level 1, 0/16 HPs)
             Began as a Demonspawn Gladiator on July 28, 2023.
             Slain by a goblin
             ... wielding a +0 dagger
              (3 damage)
             ... on level 2 of the Dungeon.
             The game lasted 00:02:23 (454 turns).

EonArisen the Ducker (Demonspawn Gladiator)          Turns: 454, Time: 00:02:24

Health: 0/16       AC:  7    Str: 13 (14) XL:     1   Next: 16%
Magic:  1/1        EV: 12    Int:  7 (9)  God:
Gold:   9          SH:  0    Dex: 11 (14) Spells: 0/0 levels left

rFire   . . .        a - +0 trident
rCold   . . .        (no shield)
rNeg    . . .        b - +0 leather armour
rPois   .            c - +0 helmet
rElec   .            (no cloak)
rCorr   .            h - +2 pair of gloves
SInv    .            (no boots)
Will    .....        (no amulet)
Stlth   +            (no ring)
HPRegen 0.22/turn    (no ring)
MPRegen 0.07/turn

%: no passive effects
@: no status effects
A: no striking features
a: no special abilities


You were on level 2 of the Dungeon.
You visited 1 branch of the dungeon, and saw 2 of its levels.

You collected 9 gold pieces.

Inventory:

Hand Weapons
 a - a +0 trident (weapon)
 i - a +0 vampiric whip
 j - a +0 mace
Missiles
 d - 2 throwing nets (quivered)
 e - a javelin
Armour
 b - a +0 leather armour (worn)
 c - a +0 helmet (worn)
 h - a +2 pair of gloves (worn)
Scrolls
 g - a scroll of enchant armour {unknown}


   Skills:
 + Level 2.0 Fighting
 + Level 2.6 Polearms
 + Level 1.7 Throwing
 + Level 2.8 Dodging


You couldn't memorise any spells.
You didn't know any spells.
Your spell library was empty.

Dungeon Overview and Level Annotations

Branches:
Dungeon (2/15)

Altars:

Annotations:
D:2 Sigmund


Message History

You start waiting.
Done waiting.
You start waiting.
Done waiting.
There are no items here.
There is a stone staircase leading down here.
You climb downwards.
Found 7 stones.
Found a stone staircase leading up.
There is a stone staircase leading up here.
Sigmund closely misses you.
A goblin comes into view. It is wielding a +0 dagger.
The goblin shouts!
You see here 5 stones.
Throw: 3 throwing nets
Press: ? - help, Q - select action, (/) - cycle Shift-Dir - straight line, f - Sigmund
Aim: Sigmund, wielding a +0 scythe and wearing a +0 robe (47% to hit)
You throw a throwing net.
The throwing net closely misses Sigmund.
Sigmund points at you and mumbles some strange words.
The puff of flame hits you.
You closely miss Sigmund. Sigmund gestures at you while chanting.
The magic dart hits you!
* * * LOW HITPOINT WARNING * * *
You closely miss Sigmund. Sigmund hits you with a +0 scythe.
* * * LOW HITPOINT WARNING * * *
You barely miss Sigmund. Sigmund hits you but does no damage.
The goblin completely misses you.
You closely miss the goblin. The goblin hits you but does no damage.
Sigmund closely misses you.
You barely miss the goblin. The goblin closely misses you.
You closely miss the goblin. Sigmund barely misses you.
The goblin hits you but does no damage. The goblin barely misses you.
You hit the goblin.
The goblin is severely wounded.
Sigmund misses you. The goblin misses you.
You closely miss the goblin.
The goblin is severely wounded.
The goblin hits you with a +0 dagger.
You die...

#..# #..# #..#
#..##### ###..##..
.... #.# ##.#
##.###.##....(
#.g@@....(<...
........###<#####.#
#.....#.# #.#
#####.#.. ... #
#..#...# #.......
...#...## ...##.##
. #.#


You could see Sigmund and a goblin.

Vanquished Creatures
  An endoplasm (D:1)
1 creature vanquished.

Notes
Turn   | Place    | Note
-------+----------+-------------------------------------------
     0 | D:1      | EonArisen the Demonspawn Gladiator began the quest for the
                  | Orb.
     0 | D:1      | Reached XP level 1. HP: 16/16 MP: 1/1
   439 | D:2      | Noticed Sigmund
   454 | D:2      | Slain by a goblin

Illustrated notes

Levels and vault maps discovered:
D:1:      dpeg_arrival_court, layout_basic, minmay_stone_trees_medium,
          minmay_tiny_reverse_x
D:2:      layout_loops_ring, serial_shops, shop, uniq_sigmund

Action                     || total
---------------------------++-------
  Melee: Trident           ||     9
  Throw: Throwing net      ||     1
    Use: Potion            ||     1
 Armour: Leather armour    ||     3
  Dodge: Dodged            ||     8

Table legend: (Time is in decaauts)
 A = Elapsed time spent in this place.
 B = Non-inter-level travel time spent in this place.
 C = Inter-level travel time spent in this place.
 D = Time resting spent in this place.
 E = Time spent auto-exploring this place.
 F = Levels seen in this place.
 G = Mean time per level.
                   A        B        C        D        E       F      G
               +--------+--------+--------+--------+--------+-----+--------+
         Total |    455 |    455 |      0 |    200 |      9 |   2 |  227.5 |
       Dungeon |    455 |    455 |      0 |    200 |      9 |   2 |  227.5 |
               +--------+--------+--------+--------+--------+-----+--------+

Top non-repeatable levels by time:
     D:1: 439 daAuts
     D:2: 16 daAuts
